 Dungeon Crawl Stone Soup version 0.24.1-14-gf8d2b509d9 (webtiles) character file.

Game seed: 5456495983006905168, levelgen mode: deterministic

40 Gruesph the Poker (level 3, 0/27 HPs)
             Began as a Merfolk Skald on May 17, 2020.
             Slain by Sigmund
             ... wielding a +1 scythe of venom
              (8 damage)
             ... on level 3 of the Dungeon.
             The game lasted 00:04:27 (2006 turns).

Gruesph the Poker (Merfolk Skald)                   Turns: 2006, Time: 00:04:27

Health: 0/27       AC:  5    Str: 17    XL:     3   Next: 50%
Magic:  1/6        EV: 11    Int: 12    God:
Gold:   51         SH:  0    Dex: 13    Spells: 3/6 levels left

rFire    . . .     SeeInvis .   a - +2 spear (flame)
rCold    . . .     Gourm    .   (no shield)
rNeg     . . .     Faith    .   e - +0 ring mail
rPois    .         Spirit   .   (no helmet)
rElec    .         Reflect  .   (no cloak)
rCorr    .         Harm     .   (no gloves)
MR       .....                  (no boots)
Stlth    +.........             (no amulet)
HPRegen  0.09/turn              (no ring)
MPRegen  0.10/turn              (no ring)

@: mighty, lethally poisoned (0 -> -5)
A: change form in water, swift swim, stealthy swim
a: no special abilities


You were on level 3 of the Dungeon.
You were hungry.

You visited 1 branch of the dungeon, and saw 3 of its levels.

You collected 51 gold pieces.

Inventory:

Hand Weapons
 a - a +2 spear of flaming (weapon)
Missiles
 g - 91 stones (quivered)
Armour
 e - a +0 ring mail (worn)
Jewellery
 i - a +4 ring of protection {unknown}
Scrolls
 b - a scroll of teleportation {unknown}
 c - 3 scrolls of remove curse {unknown}
 h - 2 scrolls of enchant armour {unknown}
 j - a scroll of identify {unknown}
 l - a scroll of amnesia {unknown}
 m - a scroll of enchant weapon {unknown}
 n - a scroll of random uselessness {unknown}
Potions
 k - a potion of mutation {unknown}
Comestibles
 f - 5 rations


   Skills:
 - Level 2.1 Fighting
 + Level 4.4 Polearms
 - Level 0.6 Armour
 - Level 2.6 Dodging
 - Level 2.0 Stealth
 - Level 2.0 Spellcasting
 + Level 3.5 Charms


You had 3 spell levels left.
You knew the following spells:

 Your Spells              Type           Power        Failure   Level  Hunger
a - Infusion              Chrm           #...         12%         1    ##.....
b - Song of Slaying       Chrm           #.......     19%         2    ###....

Your spell library contained the following spells:

 Spells                   Type           Power        Failure   Level  Hunger
 Shroud of Golubria       Chrm/Tloc      #.....       36%         2    ###....
 Regeneration             Chrm/Necr      #.........   58%         3    ####...
 Spectral Weapon          Hex/Chrm       #.......     58%         3    ####...


Dungeon Overview and Level Annotations

Branches:
Dungeon (3/15)

Altars:
Fedhas
Makhleb
Vehumet

Annotations:
D:3 Robin, Sigmund


Message History

Sigmund flickers and vanishes!
Deactivating autopickup; reactivate with Ctrl-A.
Something hits you.
You are poisoned.
You barely miss something.
You feel sick.
You barely miss something.
You are no longer magically infusing your attacks.
You feel sick. Something completely misses you.
You closely miss something.
Robin of the Strong Arm comes into view.
They are wielding a +0 club.
A goblin comes into view.
You miss something.
You feel sick.
Robin shouts!
You hear some strange, mumbled words.
A magic dart appears from out of thin air!
The magic dart hits you!
* * * LOW HITPOINT WARNING * * *
It was a potion of might.
You feel very mighty all of a sudden. Something hits you!
You die...

#.# #.#
#.# #.#
#.# #.#
#.#
#.#######.
#.@{gg..gg
##########


You could see Robin, a hobgoblin and 2 goblins.

Vanquished Creatures
  A worm (D:3)
  4 dart slugs
  A leopard gecko (D:2)
  5 giant cockroaches
  A goblin (D:2)
  5 hobgoblins
  4 bats (D:1)
  A frilled lizard (D:1)
  5 kobolds
  A rat (D:3)
28 creatures vanquished.

Notes
Turn   | Place    | Note
-------+----------+-------------------------------------------
     0 | D:1      | Gruesph the Merfolk Skald began the quest for the Orb.
     0 | D:1      | Reached XP level 1. HP: 16/16 MP: 3/3
   265 | D:1      | Reached skill level 1 in Stealth
   265 | D:1      | Reached XP level 2. HP: 16/22 MP: 5/5
   269 | D:1      | Learned a level 2 spell: Song of Slaying
   929 | D:1      | Reached skill level 4 in Polearms
  1174 | D:2      | Reached XP level 3. HP: 27/27 MP: 6/6
  1221 | D:2      | Found a radiant altar of Vehumet.
  1240 | D:2      | Found a burning altar of Makhleb.
  1555 | D:2      | Found a blossoming altar of Fedhas.
  1989 | D:3      | Noticed Sigmund
  2004 | D:3      | Noticed Robin
  2006 | D:3      | Slain by Sigmund

Levels and vault maps discovered:
D:1:      lightli_arrival_noodles, layout_loops_corners, eino_curves_04,
          hangedman_decor_riveting
D:2:      layout_basic, grunt_temple_overflow_open, fedhas_altar_fruit_tree
D:3:      layout_loops_ring, kiku_gazebo_garden_becter,
          nemelex_lonely_heart_becter, uniq_robin, uniq_sigmund

Skill      XL: |  1  2 |
---------------+-------+-----
Stealth        | 1 2 |  2.0
Polearms       | 4 |  4.4
Fighting       | |  2.1
Armour         | |  0.6
Dodging        | |  2.6
Spellcasting   | |  2.0
Charms         | |  3.5

Action                   || total
-------------------------++-------
Melee: Spear             ||    91
Throw: Stone             ||     2
 Cast: Song of Slaying   ||     2
       Infusion          ||     1
  Use: Potion            ||     1
 Stab: Sleeping          ||     1
  Eat: Chunk             ||     3
Armor: Leather armour    ||     1
       Ring mail         ||    10
Dodge: Dodged            ||    40
